 Dungeon Crawl Stone Soup version 0.24.0-37-gcf1ca852f1 (webtiles) character file.

Game seed: 14700338737490560314, levelgen mode: deterministic

176 Banto the Insei (level 5, 0/40 HPs)
             Began as a Draconian Transmuter on Nov 26, 2019.
             Slain by an adder (3 damage)
             ... on level 3 of the Dungeon.
             The game lasted 00:04:34 (3688 turns).

Banto the Insei (Draconian Transmuter)              Turns: 3688, Time: 00:04:34

Health: 0/40       AC:  5    Str: 14    XL:     5   Next: 30%
Magic:  8/8        EV: 12    Int: 13    God:
Gold:   198        SH:  0    Dex: 15    Spells: 2/8 levels left

rFire    + . .     SeeInvis .     - Unarmed
rCold    + . .     Gourm    .   (no shield)
rNeg     . . .     Faith    .   (armour unavailable)
rPois    .         Spirit   .   (helmet restricted)
rElec    .         Reflect  .   g - scarf {rC+ rF+}
rCorr    .         Harm     .   (no gloves)
MR       .....                  (no boots)
Stlth    ++........             (no amulet)
HPRegen  0.13/turn              d - +2 ring of dexterity
MPRegen  0.11/turn              (no ring)

@: lethally poisoned (0 -> -7), starving
A: unfitting armour, antennae 1, camouflage 1, blurry vision 1, strong 1,
cold-blooded, AC +5
a: no special abilities


You were on level 3 of the Dungeon.
You were starving.

You visited 1 branch of the dungeon, and saw 3 of its levels.

You collected 198 gold pieces.

Inventory:

Missiles
 a - 31 arrows
 f - 22 poisoned darts (quivered)
Armour
 g - a scarf of resistance (worn)
Jewellery
 d - a +2 ring of dexterity (left hand)
Scrolls
 e - a scroll of teleportation
 i - 4 scrolls of remove curse
Potions
 b - 3 potions of heal wounds
 j - 2 potions of invisibility
 k - 2 potions of flight
Comestibles
 c - 6 rations


   Skills:
 - Level 1.1 Fighting
 - Level 1.7 Dodging
 + Level 4.7 Unarmed Combat
 - Level 2.0 Spellcasting
 + Level 4.1 Transmutations


You had 2 spell levels left.
You knew the following spells:

 Your Spells              Type           Power        Failure   Level  Hunger
a - Beastly Appendage     Tmut           ##....       4%          1    ##.....
b - Sticks to Snakes      Tmut           ##......     7%          2    ###....
c - Spider Form           Tmut/Pois      #.........   32%         3    ####...

Your spell library contained the following spells:

 Spells                   Type           Power        Failure   Level  Hunger
 Ice Form                 Ice/Tmut       #.......     71%         4    #####..
 Blade Hands              Tmut           ##........   77%         5    ######.


Dungeon Overview and Level Annotations

Branches:
Dungeon (3/15)

Altars:
Uskayaw


Innate Abilities, Weirdness & Mutations

Your plain brown scales are hard. (AC +5)
You cannot fit into any form of body armour.
You are cold-blooded and may be slowed by cold attacks.
You have a pair of small antennae on your head.
Your skin changes colour to match your surroundings (Stealth+).
Scrolls take you a little longer to read.
Your muscles are strong. (Str +2)


Message History

You hit the adder but do no damage.
You tail-slap the adder, but do no damage.
The adder is severely wounded.
* * * LOW HITPOINT WARNING * * *
You feel sick. The adder barely misses you.
You hit the adder but do no damage. You tail-slap the adder.
The adder is almost dead.
* * * LOW HITPOINT WARNING * * *
You feel sick. The adder bites you.
* * * LOW HITPOINT WARNING * * *
You miss the adder.
Your tail-slap misses the adder.
The adder is almost dead.
* * * LOW HITPOINT WARNING * * *
You feel sick. The adder bites you but does no damage.
It was a potion of mutation.
You feel extremely strange.
You feel stronger. A pair of antennae grows on your head!
Your vision blurs.
Your skin functions as natural camouflage.
* * * LOW HITPOINT WARNING * * *
You feel sick. The adder bites you but does no damage. The adder bites you.
You die...

******** *,*,*
**,,,,,.##** *,*,*
*,,,,,,,...#* *,*,*
*,,,,,,,,...* *,*,*
****,,,**,,*#..* *,*,*
,,,,,,,**,,*#..* *,*,*
,,,,,,,*****#..## *,*,*
,,,,,,,****##...###.#,*
,,,,,,,,#..#....@S..#,*
,,,,,,,,........###[#,*
,,,,,,,..........##,*,*
*+*,,,,....##.##..#,#,*
*,**,,,,#..*#.*#..#.#,*
*,**,,**#..#####....#,*
#,***,*##...#.#.....#,*
.,,>,>##............#.#
##+##,.......[......#.#


You could see an adder.

Vanquished Creatures
  4 gnolls (D:3)
  6 adders
  2 oozes (D:1)
  A worm (D:3)
  2 dart slugs
  4 leopard geckos
  2 orcs (D:3)
  6 giant cockroaches
  8 goblins
  6 hobgoblins
  2 quokkas
  9 bats
  A frilled lizard (D:1)
  4 kobolds
  7 rats
64 creatures vanquished.

Vanquished Creatures (collateral kills)
  A dart slug (D:2)
1 creature vanquished.

Grand Total: 65 creatures vanquished

Notes
Turn   | Place    | Note
-------+----------+-------------------------------------------
     0 | D:1      | Banto the Draconian Transmuter began the quest for the Orb.
     0 | D:1      | Reached XP level 1. HP: 16/16 MP: 3/3
   541 | D:1      | Reached XP level 2. HP: 21/23 MP: 5/5
  1106 | D:2      | Reached XP level 3. HP: 28/28 MP: 4/6
  1119 | D:2      | Learned a level 2 spell: Sticks to Snakes
  1123 | D:2      | Learned a level 3 spell: Spider Form
  1346 | D:2      | Reached XP level 4. HP: 24/35 MP: 5/7
  1353 | D:2      | Found a hide-covered altar of Uskayaw.
  2190 | D:3      | Reached XP level 5. HP: 8/40 MP: 4/8
  2879 | D:3      | Noticed an ice beast
  3324 | D:2      | HP: 1/40 [ice beast (8)]
  3392 | D:2      | HP: 1/40 [ice beast (7)]
  3688 | D:3      | Gained mutation: Your muscles are strong. (Str +2) [potion
                  | of mutation]
  3688 | D:3      | Gained mutation: You have a pair of small antennae on your
                  | head. [potion of mutation]
  3688 | D:3      | Gained mutation: Scrolls take you a little longer to read.
                  | [potion of mutation]
  3688 | D:3      | Gained mutation: Your skin changes colour to match your
                  | surroundings (Stealth+). [potion of mutation]
  3688 | D:3      | Slain by an adder

Levels and vault maps discovered:
D:1:      dpeg_arrival_shrine, layout_loops_corners
D:2:      layout_loops_ring, lemuel_crystal_altar, first_ration, hex_medium
D:3:      minmay_chambers_of_twos, layout_basic, hangedman_decor_growths

Skill      XL: |  1  2  3  4 |
---------------+-------------+-----
Transmutations | 3 4 |  4.1
Unarmed Combat | 4 |  4.7
Fighting       | |  1.1
Dodging        | |  1.7
Spellcasting   | |  2.0

Action                   |  1- 3 |  4- 6 || total
-------------------------+-------+-------++-------
Melee: Unarmed           |   103 |   158 ||   261
       Tailslap          |     6 |    18 ||    24
       Punch             |     2 |       ||     2
       Headbutt          |     4 |     3 ||     7
       Kick              |     3 |       ||     3
 Cast: Beastly Appendage |     3 |     1 ||     4
       Sticks to Snakes  |     2 |     1 ||     3
       Spider Form       |       |     5 ||     5
  Use: Scroll            |     1 |     5 ||     6
       Potion            |       |     1 ||     1
 Stab: Sleeping          |     2 |     4 ||     6
       Distracted        |     1 |       ||     1
  Eat: Chunk             |     2 |     6 ||     8
Armor: Skin              |    29 |    47 ||    76
Dodge: Dodged            |    61 |   146 ||   207
